 Dungeon Crawl Stone Soup version 0.30.0-29-ga12c61a403 (webtiles) character file.

Game seed: 8860925243333585951

174 booth the Conjurer (level 5, 0/32 HPs)
             Began as a Gargoyle Reaver on June 20, 2023.
             Slain by Menkaure (12 damage)
             ... on level 4 of the Dungeon.
             The game lasted 00:19:34 (2458 turns).

booth the Conjurer (Gargoyle Reaver)                Turns: 2458, Time: 00:19:34

Health: 0/32       AC:  9    Str: 16 (18) XL:     5   Next: 54%
Magic:  7/9        EV: 11    Int: 10 (13) God:
Gold:   55         SH:  0    Dex:  5 (8)  Spells: 5/9 levels left

rFire   . . .        a - +0 mace
rCold   . . .        (no shield)
rNeg    + . .        b - +0 leather armour
rPois   ∞            (no helmet)
rElec   +            (no cloak)
rCorr   .            j - +0 pair of gloves
SInv    .            q - +0 pair of boots
Will    .....        (no amulet)
Stlth   +            (no ring)
HPRegen 0.25/turn    (no ring)
MPRegen 0.11/turn

%: no passive effects
@: immotile
A: sickness immunity, AC +4, negative energy resistance 1, electricity
resistance, torment resistance 1, petrification resistance
a: no special abilities


You were on level 4 of the Dungeon.
You visited 1 branch of the dungeon, and saw 4 of its levels.

You collected 240 gold pieces.
You spent 185 gold pieces at shops.

Inventory:

Hand Weapons
 a - a +0 mace (weapon)
 d - a +0 flail
 n - a +0 war axe
Missiles
 h - 5 boomerangs
 p - 3 poisoned darts (quivered)
Armour
 b - a +0 leather armour (worn)
 j - a +0 pair of gloves (worn)
 q - a +0 pair of boots (worn)
Scrolls
 e - a scroll of vulnerability
 g - a scroll of fog
 k - a scroll of teleportation
 r - a scroll of noise {unknown}
Potions
 c - 2 potions of magic
 f - 2 potions of cancellation
 i - 2 potions of heal wounds
 l - a potion of flight {unknown}
 m - a potion of curing
 s - a potion of might
 t - a potion of brilliance {unknown}
 u - a potion of invisibility {unknown}


   Skills:
 + Level 3.2 Fighting
 + Level 3.7 Maces & Flails
 + Level 2.5 Dodging
 + Level 2.8 Spellcasting
 + Level 4.1 Conjurations


You had 5 spell levels left.
You knew the following spells:

 Your Spells              Type           Power      Damage    Failure   Level
a - Kiss of Death         Conj/Necr      20%        2d7       16%         1
b - Momentum Strike       Conj/Tloc      10%        3d8       22%         2
c - Beastly Appendage     Tmut           2%         N/A       34%         1

Your spell library contained the following spells:

 Spells                   Type           Power      Damage    Failure   Level
 Hailstorm                Conj/Ice       5%         3d4       41%         3
 Wereblood                Tmut           1%         N/A       47%         2
 Spider Form              Tmut/Pois      1%         N/A       71%         3
 Chain Lightning          Conj/Air       2%         3d3       100%        9
 Fire Storm               Conj/Fire      2%         8d1       100%        9
 Shatter                  Erth           0%         3d5*      100%        9


Dungeon Overview and Level Annotations

Branches:
Dungeon (4/15)
 Temple: D:4-7

Altars:
Nemelex Xobeh

Shops:
D:3 !   D:4 *

Annotations:
D:4 Menkaure


Innate Abilities, Weirdness & Mutations

You are immune to sickness and miasma.
Your stone body is resilient. (AC +4)
You are immune to poison.
You resist negative energy. (rN+)
You are resistant to electric shocks. (rElec)
You are resistant to unholy torment.
You are immune to petrification.


Message History

Found Jepromua's General Store.
Found a short sword, 14 gold pieces and a chain mail.
Found a stone staircase leading down.
There is an entrance to Jepromua's General Store here.
j - a +0 pair of gloves;
k - a scroll of teleportation Thank you for shopping at Jepromua's General Store!
You can access your shopping list by pressing '$'.
You start putting on your armour.
You continue putting on your +0 pair of gloves. x4
You finish putting on your +0 pair of gloves.
You start putting on your armour.
You continue putting on your +0 pair of boots. x4
You finish putting on your +0 pair of boots.
There is an entrance to Jepromua's General Store here.
You now have 55 gold pieces (gained 14).
Menkaure, Prince of Dust comes into view.
Menkaure shouts!
You see here a +0 chain mail.
Menkaure mumbles some strange words.
Menkaure seems to speed up.
Casting: Kiss of Death (safe; 16% risk of failure)
Confirm with . or Enter, or press ? or * to list all spells.
You can't see any susceptible monsters within range! (Use Z to cast anyway.)
Casting: Kiss of Death (safe; 16% risk of failure)
Confirm with . or Enter, or press ? or * to list all spells.
Aiming: Momentum Strike (safe; 22% risk of failure)
Press: ? - help, Dir - move target, f - Menkaure
Aim: Menkaure (fast, 85% to hit)
The concentrated momentum hits Menkaure!
Menkaure is severely damaged.
You are unable to move.
Menkaure hits you!!
Ouch! That really hurt!
You hit Menkaure.
Menkaure is severely damaged.
Menkaure points at you and mumbles some strange words.
You barely resist. You barely miss Menkaure.
Menkaure is severely damaged.
Menkaure hits you!
You die...

... ### ..# #..
..### #.# #...#
#.# #...# ###.#
#... #.∩.######M#
##........[@#
#...........#
..>...#....)....#
########.........#
.......#.#########
######.#.#
#....#.#.#
#.##.#.#.#
#....#.#.#


You could see Menkaure (fast).

Vanquished Creatures
  4 gnolls (D:2)
  6 adders (D:2)
  2 worms (D:2)
  2 dart slugs (D:1)
  6 orcs (D:3)
  4 ball pythons
  4 bats
  5 endoplasms
  2 giant cockroaches (D:1)
  6 goblins
  7 hobgoblins
  7 kobolds
  A quokka (D:1)
  A frilled lizard (D:1)
  9 rats
66 creatures vanquished.

Notes
Turn   | Place    | Note
-------+----------+-------------------------------------------
     0 | D:1      | booth the Gargoyle Reaver began the quest for the Orb.
     0 | D:1      | Reached XP level 1. HP: 12/12 MP: 3/3
   189 | D:1      | Reached XP level 2. HP: 17/18 MP: 5/5
   194 | D:1      | Learned a level 2 spell: Momentum Strike
   213 | D:1      | Learned a level 1 spell: Beastly Appendage
   464 | D:1      | Reached XP level 3. HP: 17/22 MP: 6/6
   676 | D:2      | Reached XP level 4. HP: 27/27 MP: 7/7
   867 | D:2      | Reached skill level 4 in Conjurations
  1072 | D:2      | Reached XP level 5. HP: 26/29 MP: 9/9
  1424 | D:3      | Found Yxturad's Distillery.
  1432 | D:3      | Bought a potion of heal wounds for 55 gold pieces
  1432 | D:3      | Bought a potion of curing for 33 gold pieces
  1933 | D:3      | Found a sparkling altar of Nemelex Xobeh.
  2426 | D:4      | Found Jepromua's General Store.
  2434 | D:4      | Bought a +0 pair of gloves for 58 gold pieces
  2434 | D:4      | Bought a scroll of teleportation for 39 gold pieces
  2454 | D:4      | Noticed Menkaure
  2458 | D:4      | Slain by Menkaure

Illustrated notes

Levels and vault maps discovered:
D:1:      lightli_arrival_maybe_door_vault, layout_rooms, minmay_hexomino_f4
D:2:      layout_rooms, st_stairs_3
D:3:      layout_loops_ring, nicolae_overflow_crystal_walls, serial_shops, shop
D:4:      layout_basic, serial_shops, shop, kennysheep_generic_room_14,
          uniq_menkaure, uniq_natasha, uniq_ijyb

Skill      XL: |  1  2  3  4 |
---------------+-------------+-----
Dodging        | 2 |  2.5
Fighting       | 3 |  3.2
Conjurations   | 4 |  4.1
Maces & Flails | |  3.7
Spellcasting   | |  2.8

Action                     |  1- 3 |  4- 6 || total
---------------------------+-------+-------++-------
  Melee: Mace              |    73 |   171 ||   244
         Punch             |       |     1 ||     1
   Cast: Kiss of Death     |       |     1 ||     1
         Momentum Strike   |       |     1 ||     1
    Use: Scroll            |     3 |     2 ||     5
         Potion            |     1 |     2 ||     3
 Armour: Leather armour    |    28 |    71 ||    99
  Dodge: Dodged            |    38 |    99 ||   137
